Map: 新柯尔克辖区 - 锦标赛版 (虚空)

Players

Jim - Winner!

  • Race: Protoss Protoss
  • Spawn Location: 7:00

Kelazhur

  • Race: Terran Terran
  • League: Diamond
  • Spawn Location: 5:00

Event: WESG 2016 Finals

VOD

Have the link to the VOD?

Description

Time

  • Played on: Jan. 13, 2017, 3:28 a.m.
  • Length: 11:32

All games in this series

Show
View Real Time Build Order
Export as new Build Order

Jim Protoss - Winner!

Build Orders: Zealot Archon, Dark Templar Rush 

Get SALT Encoding   

  12  0:00  Probe (Chrono Boost)  
  13  0:11  Probe (Chrono Boost)  
  14  0:18  Pylon  
  14  0:22  Probe (Chrono Boost)  
  15  0:36  Probe (Chrono Boost), Gateway  
  16  0:44  Assimilator  
  16  0:47  Probe (Chrono Boost)  
  17  0:57  Probe (Chrono Boost), Assimilator  
  18  1:08  Probe (Chrono Boost)  
  20  1:18  Probe (Chrono Boost)  
  20  1:23  Cybernetics Core  
  20  1:29  Probe (Chrono Boost)  
  21  1:38  Pylon  
  21  1:39  Probe (Chrono Boost)  
  22  1:50  Probe (Chrono Boost)  
  23  1:54  Warp Gate  
  23  1:57  Adept  
  26  2:02  Probe (Chrono Boost)  
  25  2:12  Twilight Council  
  25  2:14  Probe (Chrono Boost)  
  26  2:25  Probe (Chrono Boost)  
  27  2:40  Mothership Core (Chrono Boost)  
  27  2:41  Nexus  
  29  2:47  Pylon  
  29  2:56  Dark Shrine  
  29  3:00  Probe (Chrono Boost)  
  30  3:09  Gateway  
  30  3:17  Stalker  
  32  3:23  Probe (Chrono Boost)  
  33  3:27  Pylon  
  34  3:35  Probe (Chrono Boost)  
  34  3:44  Robotics Facility  
  34  3:47  Probe (Chrono Boost)  
  35  3:54  Probe (Chrono Boost)  
  36  3:57  Probe (Chrono Boost)  
  37  4:08  Dark Templar x2  
  37  4:09  Probe (Chrono Boost)  
  42  4:12  Probe (Chrono Boost)  
  37  4:41  Dark Templar  
  37  4:43  Stalker  
  37  4:44  Probe (Chrono Boost)  
  42  4:46  Probe (Chrono Boost)  
  43  4:55  Probe (Chrono Boost)  
  43  4:57  Probe (Chrono Boost)  
  43  5:05  Probe (Chrono Boost)  
  43  5:07  Stalker  
  43  5:08  Blink  
  42  5:14  Stalker  
  42  5:19  Probe x2 (Chrono Boost)  
  46  5:29  Probe (Chrono Boost)  
  46  5:30  Probe (Chrono Boost)  
  46  5:32  Gateway  
  46  5:33  Gateway  
  46  5:34  Observer  
  49  5:39  Gateway  
  49  5:40  Probe (Chrono Boost)  
  49  5:42  Probe (Chrono Boost), Pylon  
  51  5:48  Stalker  
  51  5:49  Stalker  
  55  5:55  Probe (Chrono Boost)  
  55  5:56  Probe (Chrono Boost)  
  57  5:58  Assimilator  
  57  6:00  Immortal  
  57  6:08  Probe (Chrono Boost)  
  57  6:10  Probe (Chrono Boost)  
  63  6:15  Pylon  
  63  6:19  Adept  
  63  6:20  Adept  
  63  6:24  Gateway  
  67  6:30  Pylon  
  67  6:32  Dark Templar  
  69  6:38  Archon  
  69  6:46  Adept  
  69  6:47  Adept x3  
  73  6:49  Pylon  
  77  7:05  Stalker  
  79  7:09  Stalker x2  
  79  7:10  Stalker  
  79  7:14  Adept  
  69  7:32  Resonating Glaives  
  57  7:39  Nexus  
  57  7:40  Immortal  
  61  7:51  Probe x2 (Chrono Boost)  
  63  7:52  Pylon  
  63  7:55  Adept x3  
  63  7:58  Adept  
  70  7:59  Adept  
  70  8:04  Stalker  
  74  8:08  Probe x2 (Chrono Boost)  
  76  8:19  Adept  
  80  8:20  Probe x2 (Chrono Boost), Adept x2  
  80  8:23  Adept  
  86  8:27  Stalker  
  86  8:31  Stalker  
  90  8:36  Probe (Chrono Boost)  
  90  8:37  Probe (Chrono Boost)  
  92  8:41  Sentry, Adept  
  96  8:49  Immortal  
  100  8:56  Probe (Chrono Boost)  
  100  8:57  Probe x2 (Chrono Boost)  
  100  9:02  Forge  
  103  9:06  Pylon  
  103  9:12  Sentry, Stalker  
  103  9:13  Adept  
  103  9:15  Adept  
  111  9:19  Pylon  
  111  9:26  Adept  
  111  9:27  Adept  
  115  9:35  Stalker  
  115  9:36  Stalker  
  115  9:37  Adept  
  113  9:49  Warp Prism  
  105  9:53  Adept x3  
  105  9:56  Adept  
  105  9:59  Adept x2  
  117  10:02  Gateway  
  117  10:04  Assimilator  
  85  10:39  Stalker x4  
  85  10:40  Stalker x2  
  87  10:51  Immortal  
  81  11:16  Stalker x4  
  81  11:17  Adept x3  
Show
View Real Time Build Order
Export as new Build Order

Kelazhur Terran 

Build Orders: Cyclone Opening, MMM Bio 

Get SALT Encoding   

  12  0:00  SCV  
  13  0:12  SCV  
  14  0:18  Supply Depot  
  14  0:24  SCV  
  15  0:29  Refinery  
  15  0:40  SCV  
  16  0:45  Barracks  
  16  0:52  SCV  
  17  1:04  SCV  
  18  1:16  SCV  
  19  1:32  Marine, Factory  
  19  1:33  Orbital Command  
  19  1:35  Supply Depot  
  20  1:41  Refinery  
  20  1:55  Barracks Reactor  
  20  1:59  SCV  
  21  2:11  SCV  
  22  2:21  Cyclone  
  25  2:23  SCV  
  25  2:26  Supply Depot  
  26  2:31  Marine  
  26  2:32  Marine  
  26  2:33  Bunker  
  26  2:35  SCV  
  29  2:49  Marine x2, SCV  
  32  2:52  Starport  
  32  2:55  Widow Mine  
  34  3:01  SCV  
  35  3:07  Supply Depot  
  35  3:08  Marine  
  35  3:12  Marine  
  37  3:19  SCV  
  37  3:28  Medivac  
  37  3:29  Marine  
  37  3:30  Marine  
  41  3:44  Command Center  
  41  3:46  SCV  
  42  3:51  Marine x2  
  42  3:55  Factory Tech Lab  
  44  4:00  Supply Depot  
  44  4:02  SCV  
  47  4:14  SCV  
  47  4:16  Marine  
  47  4:21  Marine, Raven  
  50  4:28  SCV  
  47  4:34  Marine  
  46  4:44  Marine  
  46  4:45  Factory Tech Lab  
  46  4:48  SCV  
  46  4:51  Marine  
  41  5:00  Orbital Command, SCV  
  37  5:12  SCV  
  37  5:13  Siege Tank  
  40  5:18  Marine  
  40  5:20  Marine  
  40  5:26  SCV  
  39  5:29  SCV  
  40  5:38  SCV  
  40  5:41  SCV  
  42  5:45  Marine x2  
  42  5:47  Siege Tank  
  47  5:50  SCV  
  47  5:53  SCV  
  49  5:58  Viking  
  49  6:02  SCV  
  52  6:05  SCV  
  52  6:09  Marine  
  52  6:10  Marine  
  55  6:14  SCV  
  55  6:17  SCV  
  57  6:27  SCV  
  57  6:29  SCV  
  59  6:32  Engineering Bay  
  59  6:38  Barracks  
  59  6:39  Siege Tank, SCV  
  63  6:41  SCV  
  64  6:47  Marine, Stimpack  
  64  6:51  SCV  
  64  6:53  Supply Depot, SCV  
  67  7:03  SCV  
  67  7:05  SCV, Refinery  
  67  7:08  Bunker  
  67  7:09  Marine  
  68  7:15  SCV  
  68  7:18  SCV  
  68  7:20  Supply Depot  
  70  7:23  Siege Tank  
  70  7:28  SCV  
  69  7:30  Marine, SCV  
  69  7:36  Marine x2  
  73  7:40  SCV  
  73  7:42  SCV  
  75  7:47  Supply Depot x2  
  75  7:52  SCV  
  75  7:54  Marine, SCV  
  78  8:05  Starport Reactor  
  78  8:08  Marine x2, SCV x2  
  78  8:10  Terran Infantry Weapons Level 1  
  82  8:13  Marine  
  82  8:14  Siege Tank  
  86  8:20  SCV x2  
  86  8:22  Barracks  
  86  8:26  Marine x2  
  90  8:31  Marine  
  90  8:32  SCV  
  92  8:36  Command Center  
  92  8:41  Supply Depot, SCV  
  92  8:43  Medivac x2  
  92  8:44  SCV  
  98  8:48  Marine x2  
  100  8:56  Supply Depot  
  100  8:57  Combat Shields, Marine  
  100  9:02  Siege Tank  
  104  9:10  Marine  
  104  9:11  Marine  
  104  9:13  Barracks Reactor  
  104  9:15  Liberator  
  106  9:17  Barracks  
  106  9:18  Barracks  
  106  9:19  Supply Depot  
  106  9:20  SCV x2  
  108  9:26  Marine  
  108  9:28  Marine  
  108  9:29  Refinery  
  110  9:37  Supply Depot  
  113  9:44  Marine  
  94  9:50  Orbital Command, Marine  
  94  9:51  Marine x3  
  78  9:53  Siege Tank  
  81  10:02  Marauder  
  83  10:11  Bunker, Marine x2  
  83  10:12  Bunker  
  83  10:13  Marine  
  74  10:21  Marine  
  74  10:23  Marauder  
  52  10:59  Marine  
Tags
 
Add a new tag
Caveats
  • Supply blocks, unpowered buildings, or Contaminate may cause inaccurate times.
  • Supply counts are checked every 10 seconds.